 Dungeon Crawl Stone Soup version 0.27-a0-660-g90476cec82 (webtiles) character file.

Game seed: 15261181856754178093

459 theanonym the Cudgeller (level 6, 0/44 HPs)
             Began as a Mummy Enchanter on Mar 17, 2021.
             Slain by an ufetubus (3 damage)
             ... in a sewer.
             The game lasted 00:10:49 (6279 turns).

theanonym the Cudgeller (Mummy Enchanter)           Turns: 6279, Time: 00:10:50

Health: 0/44       AC:  8    Str: 13    XL:     6   Next: 78%
Magic:  10/10      EV:  8    Int: 15    God:
Gold:   236        SH:  5    Dex: 12    Spells: 9/10 levels left

rFire    . . .     SeeInvis .   a - +0 morningstar
rCold    + . .     Faith    .   d - +2 buckler
rNeg     + + +     Spirit   .   e - +0 scale mail
rPois    ∞         Reflect  .   (no helmet)
rElec    .         Harm     .   i - +0 cloak
rCorr    .         Rampage  .   l - +0 pair of gloves
Will     .....                  (no boots)
Stlth    +.........             (no amulet)
HPRegen  0.14/turn              g - ring of protection from fire
MPRegen  0.12/turn              (no ring)

@: no status effects
A: cold resistance 1, negative energy resistance 3, torment resistance 2,
unbreathing 1, heat vulnerability 1, no potions
a: no special abilities


Innate Abilities, Weirdness & Mutations

You are immune to poison.
Your flesh is cold resistant. (rC+)
You are immune to negative energy. (rN+++)
You are immune to unholy pain and torment.
You can survive without breathing.
You are vulnerable to heat. (rF-)
You do not drink.


   Skills:
 - Level 1.9 Fighting
 - Level 0.7 Short Blades
 + Level 5.5 Maces & Flails
 - Level 1.5 Dodging
 - Level 2.4 Stealth
 - Level 2.6 Spellcasting
 - Level 2.6 Hexes


You had 9 spell levels left.
You knew the following spells:

 Your Spells              Type           Power      Damage    Failure   Level
a - Corona                Hex            11%        N/A       50%         1

Your spell library contained the following spells:

 Spells                   Type           Power      Damage    Failure   Level
 Ensorcelled Hibernation  Hex/Ice        12%        N/A       83%         2
 Confusing Touch          Hex            10%        N/A       86%         3
 Tukima's Dance           Hex            10%        N/A       86%         3
 Dazzling Flash           Conj/Hex       12%        N/A       96%         3
 Beastly Appendage        Tmut           Unusable   N/A       N/A         1
 Wereblood                Tmut           Unusable   N/A       N/A         2
 Spider Form              Tmut/Pois      Unusable   N/A       N/A         3
 Ice Form                 Ice/Tmut       Unusable   N/A       N/A         4
 Blade Hands              Tmut           Unusable   N/A       N/A         5

Skill      XL: |  1  2  3  4  5  6 |
---------------+-------------------+-----
Fighting       | 1 |  1.9
Maces & Flails | 1 2 3 4 5 |  5.5
Short Blades   | |  0.7
Dodging        | |  1.5
Stealth        | |  2.4
Spellcasting   | |  2.6
Hexes          | |  2.6

Action                   |  1- 3 |  4- 6 || total
-------------------------+-------+-------++-------
Melee: Dagger            |   212 |       ||   212
       Mace              |    20 |    18 ||    38
       Flail             |       |    94 ||    94
       Morningstar       |       |   163 ||   163
Throw: Throwing net      |       |     1 ||     1
       Dart              |       |     1 ||     1
  Use: Scroll            |     1 |     8 ||     9
 Stab: Sleeping          |     2 |     3 ||     5
       Distracted        |     1 |       ||     1
       Held in net/web   |       |     1 ||     1
Armor: Leather armour    |    34 |       ||    34
       Robe              |     1 |       ||     1
       Ring mail         |    41 |    47 ||    88
       Scale mail        |       |   145 ||   145
Dodge: Dodged            |   140 |   156 ||   296
Block: Buckler           |    37 |    97 ||   134

Inventory:

Hand Weapons
 a - a +0 morningstar (weapon)
Missiles
 j - 13 poisoned darts (quivered)
Armour
 d - a +2 buckler (worn)
 e - a +0 scale mail (worn)
 i - a +0 cloak (worn)
 l - a +0 pair of gloves (worn)
Jewellery
 g - a ring of protection from fire (right hand)
Scrolls
 b - 5 scrolls of amnesia
 c - a scroll of enchant weapon
 f - a scroll of fog
 h - 2 scrolls of fear
 r - a scroll of identify You were in a sewer. You visited 1 branch of the dungeon, and saw 5 of its levels. You also visited: Sewer. You collected 236 gold pieces.

Dungeon Overview and Level Annotations

Branches:
Dungeon (5/15)              Sewer (1/1)
 Temple: D:4-7

Altars:
Trog
Vehumet

Annotations:
D:3 1 exclusion
D:4 2 runed translucent doors, p0werm0de's ghost, amateur GrFi Sewer Grinder

#≈≈≈≈≈≈≈...#≈≈≈≈≈≈#
#≈≈≈≈≈≈≈...≈≈≈≈≈≈≈#
#≈≈ ≈≈≈≈≈≈#...#≈≈≈≈≈≈
#≈≈≈#≈≈≈≈≈≈≈...#≈≈≈≈≈≈
#≈≈≈ ≈≈≈≈≈≈#.).≈≈≈≈≈≈≈
#≈≈≈ ≈≈≈≈≈≈#...#≈≈≈≈≈
#≈≈≈ ≈≈≈≈≈ #.).#≈≈≈≈≈
##≈##########)## ≈≈≈≈
#..........@5..# ≈≈≈≈
#.≈≈.≈≈≈≈≈≈≈≈≈≈≈≈≈≈≈≈
#.≈≈≈≈≈≈≈≈≈≈≈≈≈#.≈.≈
#..≈################
#.≈≈# #.≈≈# #)≈≈#
#..≈# #.≈≈#


You could see an ufetubus.

Notes
Turn   | Place    | Note
-------+----------+-------------------------------------------
     0 | D:1      | theanonym the Mummy Enchanter began the quest for the Orb.
     0 | D:1      | Reached XP level 1. HP: 13/13 MP: 4/4
   118 | D:1      | Reached skill level 1 in Fighting
   271 | D:1      | HP: 6/15 [kobold/+0 short sword (2)]
   275 | D:1      | Reached XP level 2. HP: 6/22 MP: 5/5
   981 | D:1      | Reached skill level 1 in Maces & Flails
  1435 | D:2      | Reached XP level 3. HP: 27/27 MP: 7/7
  1484 | D:2      | HP: 13/27 [kobold/+0 short sword (1)]
  1490 | D:2      | HP: 12/27 [rat (1)]
  1949 | D:2      | Reached skill level 2 in Maces & Flails
  2849 | D:3      | Reached XP level 4. HP: 30/33 MP: 8/8
  2975 | D:3      | Found a bloodstained altar of Trog.
  3476 | D:3      | Reached skill level 3 in Maces & Flails
  4056 | D:4      | Found a radiant altar of Vehumet.
  4119 | D:3      | HP: 15/33 [wight/+0 morningstar (2)]
  4121 | D:3      | Reached XP level 5. HP: 18/38 MP: 9/9
  4418 | D:4      | HP: 19/38 [wight/+0 dire flail (9)]
  4431 | D:4      | HP: 14/38 [hound (2)]
  4438 | D:3      | HP: 11/38 [hound (1)]
  4443 | D:3      | HP: 6/38 [hound (5)]
  4560 | D:3      | Reached skill level 4 in Maces & Flails
  5027 | D:4      | Reached XP level 6. HP: 26/44 MP: 10/10
  5340 | D:4      | Found a large runed translucent door.
  5341 | D:4      | Found a large runed translucent door.
  5343 | D:4      | Noticed p0werm0de's ghost (amateur GrFi)
  5374 | D:4      | HP: 22/44 [wight/+0 hand axe (6)]
  5645 | D:4      | theanonym: !lg p0werm0de - log
  5645 | D:4      | beem: No keyword '-'
  5645 | D:4      | theanonym: !lg p0werm0de -log
  5645 | D:4      | beem: 25543. p0werm0de, XL12 GrFi, T:9512:
                  | https://crawl.xtahua.com/crawl/morgue/p0werm0de/morgue-p0we
                  | rm0de-20210316-182459.txt
  5677 | D:5      | Entered Level 5 of the Dungeon
  5748 | D:5      | Reached skill level 5 in Maces & Flails
  5748 | D:5      | Found a glowing drain.
  5757 | Sewer    | Entered a sewer
  5992 | Sewer    | Found an ancient bone altar of Kikubaaqudgha.
  6008 | Sewer    | HP: 20/44 [kobold brigand/+0 dagger (3)]
  6215 | Sewer    | Noticed Grinder
  6239 | Sewer    | HP: 21/44 [Grinder (3)]
  6244 | Sewer    | HP: 14/44 [Grinder (5)]
  6248 | Sewer    | HP: 4/44 [ufetubus (4)]
  6274 | Sewer    | HP: 4/44 [ufetubus (3)]
  6279 | Sewer    | Slain by an ufetubus

Vanquished Creatures
  A kobold brigand (Sewer)
  3 wights
  2 hounds
  A worker ant (D:4)
  A hound skeleton (D:4)
  5 adders
  A shadow imp (Sewer)
  An ufetubus (Sewer)
  An ooze (D:4)
  An adder skeleton (D:4)
  A worm (D:2)
  3 dart slugs (D:1)
  A leopard gecko (D:2)
  An orc (D:5)
  5 giant cockroaches
  11 goblins
  6 hobgoblins
  5 jackals
  4 quokkas
  6 ball pythons
  8 bats
  7 frilled lizards
  26 kobolds
  9 rats
110 creatures vanquished.

Table legend: (Time is in decaauts)
 A = Elapsed time spent in this place.
 B = Non-inter-level travel time spent in this place.
 C = Inter-level travel time spent in this place.
 D = Time resting spent in this place.
 E = Time spent auto-exploring this place.
 F = Levels seen in this place.
 G = Mean time per level.
                   A        B        C        D        E       F      G
               +--------+--------+--------+--------+--------+-----+--------+
         Total |   6398 |   6007 |    391 |   2419 |   2416 |   6 | 1066.3 |
       Dungeon |   5844 |   5453 |    391 |   2191 |   2302 |   5 | 1168.8 |
         Sewer |    554 |    554 |      0 |    228 |    114 |   1 |  554.0 |
               +--------+--------+--------+--------+--------+-----+--------+

Top non-repeatable levels by time:
     D:3: 1646 daAuts
     D:2: 1426 daAuts
     D:4: 1368 daAuts
     D:1: 1366 daAuts
   Sewer: 554 daAuts
     D:5: 36 daAuts
